[Event "Team 45 45 League T75"]
[Site "Internet Chess Club"]
[Date "2017.12.15"]
[Round "1"]
[White "elessar"]
[Black "y3LL3r"]
[Result "1-0"]
[WhiteElo "1619"]
[BlackElo "1481"]
[Opening "Queen's pawn: London system"]
[ECO "A45"]
[Time "08:46:08"]
[TimeControl "2700+45"]

1. d4 Nf6 2. Bf4 d5 3. e3 c5 4. c3 Nc6 5. Nd2 e6 6. Ngf3 cxd4 7. exd4 Nh5 8. Bg3
Be7 9. Bd3 g6 10. Qe2 O-O 11. Ne5 f6 12. Nxg6 hxg6 13. Bxg6 Ng7 14. h4 Bd6 15.
Bxd6 Qxd6 16. g3 e5 17. O-O-O Nf5 18. Qh5 Qd7 19. Nb3 b6 20. Qe2 e4 21. h5 Nh6
22. Rh4 Kg7 23. Nd2 a5 24. Nf1 Ne7 25. Re1 Nxg6 26. hxg6 Qf5 27. Ne3 Qg5 28.
Reh1 Rh8 29. Kb1 Ba6 30. Qd1 Bd3+ 31. Ka1 b5 32. Rh5 Qxg6 33. Rxd5 Nf7 34. Nf5+
Kf8 35. Rxh8+ Nxh8 36. Qh1 Nf7 37. Qh3 e3 38. Nxe3 Re8 39. Rh5 Ng5 40. Rh8+ Kg7
41. Rxe8 Qxe8 42. Qh2 Bg6 43. Qg1 Qe4 44. Qd1 Qd3 45. Qxd3 Bxd3 46. b3 Ne4 47.
c4 bxc4 48. bxc4 Kf7 49. Kb2 Nxf2 50. Kc3 Bf1 51. Nxf1 Ne4+ 52. Kc2 Ke6 53. Kd3
f5 54. Ke3 Nd6 55. Nd2 a4 56. Kd3 Nc8 57. a3 Nb6 58. Nb1 Nd7 59. Nc3 Nb6 60. c5
Nd5 61. Nxa4 f4 62. gxf4 Nxf4+ 63. Kc4 Nd5 64. Nb6 Ne3+ 65. Kb5 {Black resigns}
1-0

[Event "Team 45 45 League T75"]
[Site "Internet Chess Club"]
[Date "2017.12.17"]
[Round "1"]
[White "Bizzy-Ketty"]
[Black "Hal2001"]
[Result "1-0"]
[WhiteElo "1594"]
[BlackElo "1527"]
[Opening "Robatsch defense"]
[ECO "B34"]
[Time "10:00:50"]
[TimeControl "2700+45"]

1. e4 g6 2. d4 Bg7 3. Nc3 c5 4. Nf3 cxd4 5. Nxd4 Nc6 6. Be3 Nf6 7. f3 d5 8. Nxc6
bxc6 9. e5 Nd7 10. f4 O-O 11. g3 Nb6 12. Bc5 Qc7 13. Qf3 Rb8 14. O-O-O a5 15. g4
Nd7 16. Ba3 Bh6 17. Kb1 Nb6 18. h4 f6 19. exf6 Rxf6 20. Ne2 Nc4 21. g5 Nxa3+ 22.
Qxa3 Bg7 23. gxf6 Bxf6 24. c3 Bf5+ 25. Ka1 c5 26. Bg2 e6 27. Bf3 a4 28. Ng3 Qxf4
29. Nxf5 Qxf5 30. Rhf1 Qc2 31. Rc1 Qd2 32. Rb1 Be7 33. Qxa4 c4 34. Qd1 Qh2 35.
Bg4 Rb6 36. Qf3 Qd6 37. Qf7+ Kh8 38. Qe8+ Kg7 39. Rf7+ Kh6 40. Qxe7 Qxe7 41.
Rxe7 {Black resigns} 1-0

[Event "Team 45 45 League T75"]
[Site "Internet Chess Club"]
[Date "2017.12.15"]
[Round "1"]
[White "Constrictor"]
[Black "mongmong"]
[Result "1/2-1/2"]
[WhiteElo "1534"]
[BlackElo "1514"]
[Opening "Réti opening"]
[ECO "A04"]
[Time "20:01:21"]
[TimeControl "2700+45"]

1. Nf3 e6 2. b3 Nf6 3. e3 d5 4. Bb2 Be7 5. c4 b6 6. Nc3 Bb7 7. Rc1 O-O 8. d4 c5
9. Bd3 cxd4 10. exd4 Nbd7 11. O-O Rc8 {Game drawn by mutual agreement} 1/2-1/2

[Event "Team 45 45 League T75"]
[Site "Internet Chess Club"]
[Date "2017.12.17"]
[Round "1"]
[White "Egmont"]
[Black "tuotuo123"]
[Result "0-1"]
[WhiteElo "1655"]
[BlackElo "1527"]
[Opening "Grünfeld: exchange variation"]
[ECO "D85"]
[Time "12:00:52"]
[TimeControl "2700+45"]

1. d4 Nf6 2. c4 g6 3. Nc3 d5 4. cxd5 Nxd5 5. e4 Nxc3 6. bxc3 Bg7 7. Be3 c5 8.
Rc1 Qa5 9. Qd2 Nd7 10. Nf3 O-O 11. Be2 cxd4 12. cxd4 Qxd2+ 13. Nxd2 f5 14. f3 f4
15. Bf2 Rd8 16. O-O Nf8 17. Nb3 Be6 18. d5 Bf7 19. Rc7 Rd7 20. Rfc1 Be5 21. Rc8
Rd8 22. Rxd8 Rxd8 23. Na5 Rb8 24. Bb5 e6 25. Nc4 Rc8 26. dxe6 Nxe6 27. Rd1 Bb8
28. e5 a6 29. Bd7 Rxc4 30. Bb6 Bc7 31. Bxc7 Rxc7 32. Bxe6 Bxe6 33. Rd2 Rd7 34.
Rc2 Kg7 35. Kf2 g5 36. g4 Kg6 37. Rb2 h5 38. h3 hxg4 39. hxg4 b5 40. Rc2 a5 41.
Rc6 Kf7 42. Rc5 Rd2+ 43. Ke1 Rxa2 44. Rxb5 Ke7 45. Rb7+ Bd7 46. Rb6 Be6 47. Rb7+
Bd7 48. Rb6 Ra3 49. Kf2 Re3 50. Rg6 Rxe5 51. Rg7+ Kd6 52. Rg6+ Be6 53. Rg7 Rb5
54. Ra7 Ke5 55. Ra6 Rb2+ 56. Kg1 Ra2 57. Ra7 a4 58. Ra5+ Kf6 59. Ra6 a3 60. Kf1
Ra1+ 61. Kf2 a2 62. Kg2 Rb1 {White resigns} 0-1

[Event "Team 45 45 League T75"]
[Site "Internet Chess Club"]
[Date "2017.12.18"]
[Round "1"]
[White "kwen2008"]
[Black "Goli"]
[Result "0-1"]
[WhiteElo "1523"]
[BlackElo "1696"]
[Opening "Robatsch (modern) defense"]
[ECO "B06"]
[Time "12:41:04"]
[TimeControl "2700+45"]

1. e4 g6 2. d4 Bg7 3. Nf3 d6 4. Bc4 Nf6 5. Nc3 O-O 6. h3 Nc6 7. O-O e5 8. dxe5
dxe5 9. Be3 Qe7 10. Nd5 Nxd5 11. Bxd5 Nb4 12. Bb3 Be6 13. Bxe6 Qxe6 14. a3 Rfd8
15. Qe2 Nc6 16. Rad1 Nd4 17. Nxd4 exd4 18. Bf4 Rd7 19. Rd3 c5 20. b3 b5 21. Rd2
c4 22. bxc4 bxc4 23. Rfd1 Rad8 24. e5 c3 25. Rd3 f6 26. Qe4 fxe5 27. Bg3 Qd5 28.
Re1 Qxe4 29. Rxe4 Rd5 30. Rd1 d3 31. Rxd3 Rxd3 32. cxd3 Rxd3 33. Rc4 e4 34. Kf1
Bh6 35. Rc8+ Kf7 36. Rc7+ Ke6 37. Rc6+ Kd5 38. Rc7 Rd1+ 39. Ke2 Rd2+ 40. Ke1 c2
41. Rc3 Rd1+ 42. Ke2 c1=Q 43. Rxc1 Rxc1 44. f3 e3 45. a4 Rc2+ 46. Kf1 e2+ 47.
Ke1 Bg7 48. Kf2 Bd4+ 49. Ke1 Bc3+ 50. Kf2 e1=Q# {White checkmated} 0-1

[Event "Team 45 45 League T75"]
[Site "Internet Chess Club"]
[Date "2017.12.16"]
[Round "1"]
[White "AVEMARIA"]
[Black "dinosaurchess"]
[Result "1-0"]
[WhiteElo "1590"]
[BlackElo "1377"]
[Opening "Giuoco Piano"]
[ECO "C54"]
[Time "12:00:56"]
[TimeControl "2700+45"]

1. e4 e5 2. Nf3 Nc6 3. Bc4 Bc5 4. c3 Nf6 5. d3 d6 6. O-O h6 7. Bb3 O-O 8. h3 a6
9. Re1 Re8 10. Nbd2 Bd7 11. Nf1 Ne7 12. Ng3 Ng6 13. Bc2 Bc6 14. d4 exd4 15. Nxd4
Bd7 16. Be3 Bb6 17. Qd2 Nh7 18. Rad1 Ba5 19. Nb3 b6 20. Nd4 b5 21. Nb3 Bb6 22.
Bxb6 cxb6 23. Qxd6 Ngf8 24. Nd4 Qb8 25. Qxb8 Raxb8 26. f4 Rbd8 27. e5 Bc8 28.
Bb3 Ng6 29. Nde2 Rxd1 30. Rxd1 Be6 31. Bxe6 Rxe6 32. f5 Rxe5 33. fxg6 fxg6 34.
Rd8+ Nf8 35. Kf2 h5 36. h4 Re6 37. Nd4 Rf6+ 38. Ke3 Kf7 39. Ne4 Rf1 40. Ng5+ Ke7
41. Nc6+ Kf6 42. Rxf8# {Black checkmated} 1-0

[Event "Team 45 45 League T75"]
[Site "Internet Chess Club"]
[Date "2017.12.17"]
[Round "1"]
[White "skywise"]
[Black "tightfist"]
[Result "1-0"]
[WhiteElo "1540"]
[BlackElo "1551"]
[Opening "Nimzo-Indian: 4.e3 O-O, 5.Bd3 d5"]
[ECO "E51"]
[Time "21:32:51"]
[TimeControl "2700+45"]

1. d4 d5 2. c4 e6 3. Nc3 Nf6 4. e3 Bb4 5. Bd3 O-O 6. Nf3 Ne4 7. Bxe4 dxe4 8. Nd2
f5 9. O-O c5 10. Nb3 Nc6 11. Nxc5 Bxc5 12. dxc5 a6 13. Qd6 Qe7 14. Qxe7 Nxe7 15.
Rd1 Nc6 16. b3 Rf7 17. Na4 Bd7 18. Nb6 Rd8 19. Bb2 Nb4 20. Rd6 Nd3 21. Ba3 Re7
22. b4 Kf7 23. b5 Ree8 24. Rxd7+ Rxd7 25. Nxd7 Rd8 26. Nb6 g5 27. c6 bxc6 28.
bxc6 Ne5 29. c7 Re8 30. c8=Q Rxc8 31. Nxc8 Nxc4 32. Be7 g4 33. Rc1 Ne5 34. Rc7
Kg6 35. Bf8 Nf7 36. Ne7+ Kf6 37. Ng8+ Kg6 38. Rc6 Nd8 39. Rd6 Kf7 40. Rxd8 Kxg8
41. Bh6+ Kf7 42. Rf8+ Kg6 43. Bf4 Kg7 44. Bh6+ Kg6 45. h4 Kxh6 46. Rg8 e5 47.
Kh2 f4 48. Rxg4 Kh5 49. Kh3 h6 50. Rg8 a5 51. a4 fxe3 52. g4# {Black checkmated}
1-0

[Event "Team 45 45 League T75"]
[Site "Internet Chess Club"]
[Date "2017.12.17"]
[Round "1"]
[White "kllrchris"]
[Black "Ksadury"]
[Result "1-0"]
[WhiteElo "1709"]
[BlackElo "1575"]
[Opening "Sicilian: Najdorf, 7...Be7"]
[ECO "B98"]
[Time "18:11:20"]
[TimeControl "2700+45"]

1. e4 c5 2. Nf3 d6 3. d4 cxd4 4. Nxd4 Nf6 5. Nc3 a6 6. Bg5 e6 7. f4 Be7 8. Qf3
O-O 9. O-O-O Nbd7 10. g4 e5 11. Nf5 Nc5 12. Nxe7+ Qxe7 13. f5 b5 14. Nd5 Qd8 15.
h4 h6 16. Nxf6+ gxf6 17. Bxh6 Re8 18. Be3 Qa5 19. Kb1 Qc7 20. g5 fxg5 21. hxg5
Kf8 22. f6 Kg8 23. Qh5 Bf5 24. Qh8# {Black checkmated} 1-0

[Event "Team 45 45 League T75"]
[Site "Internet Chess Club"]
[Date "2017.12.16"]
[Round "1"]
[White "JohLeb"]
[Black "Littlemon"]
[Result "1-0"]
[WhiteElo "1595"]
[BlackElo "1572"]
[Opening "QGD semi-Slav: accelerated Meran (Alekhine variation)"]
[ECO "D15"]
[Time "13:12:12"]
[TimeControl "2700+45"]

1. d4 d5 2. c4 c6 3. Nc3 Nf6 4. Nf3 a6 5. e3 e6 6. Bd3 Nbd7 7. b3 dxc4 8. bxc4
b5 9. c5 a5 10. Qc2 b4 11. Ne2 Ba6 12. Bxa6 Rxa6 13. Qc4 Ra8 14. O-O Be7 15. Bd2
Qc8 16. Rfb1 Bd8 17. a3 bxa3 18. Rxa3 Bc7 19. Rba1 Qd8 20. Qa2 O-O 21. Bxa5 Bxa5
22. Rxa5 Rxa5 23. Qxa5 Qb8 24. h3 Qb2 25. Qa2 Qb5 26. Ng3 Rb8 27. Qa6 Qb2 28.
Rf1 Qb5 29. Qxb5 cxb5 30. Rb1 Nd5 31. Ne4 b4 32. Nd6 b3 33. Nd2 b2 34. N6c4 e5
35. Rxb2 Rxb2 36. Nxb2 exd4 37. exd4 Nb8 38. Nf3 Kf8 39. Nc4 Nd7 40. Kf1 Ke7 41.
Ke2 Ke6 42. Ne3 N7f6 43. Kd3 Nc7 44. Ng5+ Ke7 45. Nf5+ Kf8 46. Nd6 Ke7 47. Ngxf7
{Black resigns} 1-0

[Event "Team 45 45 League T75"]
[Site "Internet Chess Club"]
[Date "2017.12.17"]
[Round "1"]
[White "lovely-14"]
[Black "Mitochondria"]
[Result "1-0"]
[WhiteElo "1512"]
[BlackElo "1542"]
[Opening "Sicilian: Najdorf"]
[ECO "B90"]
[Time "17:21:53"]
[TimeControl "2700+45"]

1. e4 c5 2. Nf3 d6 3. d4 cxd4 4. Nxd4 Nf6 5. Nc3 a6 6. f3 e6 7. Be3 Be7 8. Qd2
Bd7 9. Be2 O-O 10. O-O-O Nc6 11. g4 b5 12. g5 Ne8 13. h4 b4 14. Nb1 a5 15. Nb5
Qb8 16. f4 b3 17. axb3 Nb4 18. N1c3 f6 19. Bc4 Na2+ 20. Nxa2 Bxb5 21. Bxe6+ Kh8
22. Bd5 Ra6 23. Nc3 Nc7 24. Nxb5 Nxd5 25. Qxd5 Rc8 26. h5 a4 27. bxa4 Rxa4 28.
Na3 Qc7 29. Rh2 Ra5 30. Qf7 d5 31. Nb1 Rb5 32. h6 Rg8 33. Rxd5 Rxb2 34. hxg7+
Rxg7 35. Qe8+ Rg8 36. Qh5 Rxb1+ 37. Kxb1 Qb7+ 38. Kc1 Ba3+ 39. Kd2 Qb4+ 40. Kd3
Qe7 41. gxf6 Qc7 42. f7 Rf8 43. Qxh7# {Black checkmated} 1-0

[Event "Team 45 45 League T75"]
[Site "Internet Chess Club"]
[Date "2017.12.16"]
[Round "1"]
[White "krysto"]
[Black "suicidepawn"]
[Result "0-1"]
[WhiteElo "1548"]
[BlackElo "1781"]
[Opening "QGD Slav: 4.Nc3"]
[ECO "D15"]
[Time "20:00:29"]
[TimeControl "2700+45"]

1. d4 d5 2. c4 c6 3. Nf3 Nf6 4. Nc3 Bf5 5. Qb3 Qb6 6. e3 e6 7. Be2 Nbd7 8. O-O
Be7 9. Rd1 O-O 10. Nh4 Bg6 11. Nxg6 hxg6 12. f3 Rfd8 13. Qxb6 axb6 14. e4 dxc4
15. Bxc4 b5 16. Be2 Nb6 17. Be3 Nc4 18. Bxc4 bxc4 19. a4 Bb4 20. Rdc1 Bxc3 21.
bxc3 b5 22. axb5 cxb5 23. Bg5 Rdb8 24. Bf4 Rxa1 25. Rxa1 Rb7 26. Bd6 Kh7 27. Bc5
g5 28. Ra7 Rxa7 29. Bxa7 g4 30. Kf2 gxf3 31. gxf3 Nd7 32. e5 Kg6 33. f4 Kf5 34.
Kf3 Nf8 35. Bc5 Ng6 36. d5 exd5 37. Be3 Nf8 38. h3 Ne6 39. Bd2 d4 40. h4 dxc3
41. Bxc3 Nxf4 {White resigns} 0-1

[Event "Team 45 45 League T75"]
[Site "Internet Chess Club"]
[Date "2017.12.16"]
[Round "1"]
[White "chess2009"]
[Black "scostanzo212"]
[Result "1/2-1/2"]
[WhiteElo "1674"]
[BlackElo "1482"]
[Opening "Sicilian"]
[ECO "B50"]
[Time "17:00:34"]
[TimeControl "2700+45"]

1. e4 c5 2. Nf3 d6 3. Nc3 Nf6 4. Bc4 e6 5. d3 Be7 6. O-O O-O 7. Bg5 Nc6 8. Nd2
Nxe4 9. Bxe7 Nxc3 10. Bxd8 Nxd1 11. Bc7 Nxb2 12. Bxd6 Rd8 13. Bxc5 Nxc4 14. Nxc4
b6 15. Be3 Bb7 16. Bf4 f6 17. Bg3 e5 18. f4 b5 19. Nd2 exf4 20. Bxf4 Nd4 21. c4
Ne2+ 22. Kh1 Nxf4 23. Rxf4 Rxd3 24. Nb3 Rad8 25. cxb5 Rd1+ 26. Rf1 Rxa1 27. Rxa1
Rd5 28. a4 Rg5 29. Ra2 h5 30. h3 Rg3 31. Na5 Ba8 32. Rc2 Kh7 33. Nc6 Ra3 34. Rc4
Ra2 35. Kg1 a6 36. bxa6 Bxc6 37. Rxc6 Rxa4 38. Kh2 h4 39. Kg1 Kg6 40. Kf2 Kf5
41. Kf3 Ke5 42. Rc7 Rxa6 43. Rxg7 Ra4 44. Rg4 Ra3+ 45. Kf2 Ra2+ 46. Kg1 f5 47.
Rxh4 f4 48. Rh5+ Ke4 49. Rb5 Ra1+ 50. Kh2 Ra2 51. Rb4+ Kf5 52. Rb5+ Kg6 53. Kg1
Kf6 54. h4 Kg6 55. h5+ Kh6 56. Rf5 Rb2 57. Kh2 Rb3 58. Rxf4 Kxh5 59. Ra4 Kg5 60.
g3 Rb6 61. Kh3 Rh6+ 62. Kg2 Rf6 {Game drawn by mutual agreement} 1/2-1/2

[Event "Team 45 45 League T75"]
[Site "Internet Chess Club"]
[Date "2017.12.15"]
[Round "1"]
[White "Arthurhon"]
[Black "ILRE"]
[Result "0-1"]
[WhiteElo "1460"]
[BlackElo "1570"]
[Opening "Queen's Pawn"]
[ECO "A41"]
[Time "09:00:14"]
[TimeControl "2700+45"]

1. d4 d6 2. Nf3 Nf6 3. Bf4 Nh5 4. Bg3 g6 5. e3 Bg7 6. c4 Nd7 7. Nbd2 O-O 8. Bd3
c5 9. O-O a6 10. Rc1 h6 11. b3 Nxg3 12. hxg3 Rb8 13. Qe2 Qa5 14. Ne4 b5 15. cxb5
axb5 16. d5 Ba6 17. a4 c4 18. bxc4 bxc4 19. Bxc4 Rb2 20. Qd3 Bxc4 21. Qxc4 Nb6
22. Qc3 Bxc3 23. Nxc3 Nxd5 24. Nxd5 Qxd5 25. Ra1 Ra8 26. Nd4 e5 27. Nb5 {White
resigns} 0-1

[Event "Team 45 45 League T75"]
[Site "Internet Chess Club"]
[Date "2017.12.15"]
[Round "1"]
[White "bennywins"]
[Black "Pawnchain"]
[Result "1-0"]
[WhiteElo "1495"]
[BlackElo "1514"]
[Opening "French: advance variation"]
[ECO "C02"]
[Time "15:00:29"]
[TimeControl "2700+45"]

1. e4 e6 2. d4 d5 3. e5 c5 4. c3 Nc6 5. Bb5 Bd7 6. Ne2 cxd4 7. cxd4 Nxe5 8.
Bxd7+ Nxd7 9. Nbc3 Ngf6 10. Bf4 Qb6 11. Qb3 a6 12. Rc1 Be7 13. Bc7 Qxc7 14. Nxd5
Qd6 15. Nc7+ Kf8 16. Nxa8 Qb4+ 17. Kf1 Qxb3 18. axb3 g6 19. Rc8+ Kg7 20. Rxh8
Kxh8 21. g3 Nd5 22. Kg2 {Black resigns} 1-0

[Event "Team 45 45 League T75"]
[Site "Internet Chess Club"]
[Date "2017.12.18"]
[Round "1"]
[White "jjmolina"]
[Black "alegro"]
[Result "1/2-1/2"]
[WhiteElo "1728"]
[BlackElo "1923"]
[Opening "Sicilian: Hungarian variation"]
[ECO "B27"]
[Time "15:03:51"]
[TimeControl "2700+45"]

1. e4 c5 2. Nf3 g6 3. d4 cxd4 4. Qxd4 Nf6 5. Bb5 a6 6. e5 axb5 7. exf6 e6 8. Nc3
Nc6 9. Qh4 b4 10. Ne2 d5 11. O-O h6 12. Rd1 Rg8 13. c4 bxc3 14. Nxc3 g5 15. Qg4
Qxf6 16. Nb5 Ra5 17. a4 Bc5 18. Bd2 h5 19. Qg3 h4 20. Qc7 Ra8 21. Rdc1 g4 22.
Rxc5 gxf3 23. Nd6+ Kf8 24. Bh6+ Rg7 25. Bxg7+ Qxg7 26. Qxf7+ Qxf7 27. Nxf7 Kxf7
28. gxf3 Bd7 29. Rb5 Rg8+ 30. Kf1 Nd8 31. Rb6 Bc6 32. a5 d4 33. Ke2 Bd5 34. Rc1
Rg2 35. h3 Kf6 36. Rc8 Nf7 37. Rc5 Ke5 38. Rxb7 Ng5 39. Rxd5+ Kxd5 40. a6 Nxh3
41. a7 Rxf2+ 42. Ke1 d3 43. Rd7+ Kc4 44. a8=Q Re2+ 45. Kd1 Nf2+ 46. Kc1 Re1+ 47.
Kd2 Re2+ 48. Kc1 Re1+ 49. Kd2 Re2+ 50. Kc1 Re1+ {Game drawn by repetition}
1/2-1/2

[Event "Team 45 45 League T75"]
[Site "Internet Chess Club"]
[Date "2017.12.19"]
[Round "1"]
[White "janh"]
[Black "ivanson"]
[Result "1-0"]
[WhiteElo "1881"]
[BlackElo "1762"]
[Opening "Trompowsky attack (Ruth, Opocenský opening)"]
[ECO "A45"]
[Time "17:14:02"]
[TimeControl "2700+45"]

1. d4 Nf6 2. Bg5 e6 3. e4 h6 4. Bxf6 Qxf6 5. c3 d6 6. Bd3 g6 7. Ne2 Bg7 8. Nd2
O-O 9. O-O Nd7 10. f4 Qe7 11. e5 b6 12. Be4 d5 13. Bd3 c5 14. Qe1 cxd4 15. cxd4
Bb7 16. a3 Rac8 17. Nc3 a6 18. Rc1 Nb8 19. Qe3 Nc6 20. Na4 Qd8 21. Rc2 Nb8 22.
g4 Rxc2 23. Bxc2 Bc6 24. Nc3 Bd7 25. f5 f6 26. fxe6 Bxe6 27. Bxg6 fxe5 28. Rxf8+
Kxf8 29. Nf3 e4 30. Qf4+ Kg8 31. Ne5 Nd7 32. Bf7+ Bxf7 33. Qxf7+ Kh7 34. Nxd7
Qg5 35. Qf5+ Kg8 36. Qxg5 {Black resigns} 1-0

[Event "Team 45 45 League T75"]
[Site "Internet Chess Club"]
[Date "2017.12.17"]
[Round "1"]
[White "idjit"]
[Black "Portola"]
[Result "1/2-1/2"]
[WhiteElo "1675"]
[BlackElo "1736"]
[Opening "French: Rubinstein variation"]
[ECO "C10"]
[Time "11:00:55"]
[TimeControl "2700+45"]

1. e4 e6 2. d4 d5 3. Nc3 dxe4 4. Nxe4 Be7 5. Nf3 Nd7 6. Bd3 Ngf6 7. Bf4 O-O 8.
Qd2 c5 9. dxc5 Nxe4 10. Bxe4 Nxc5 11. Qe3 Qa5+ 12. Qd2 Qa6 13. Bd3 Nxd3+ 14.
Qxd3 Qxd3 15. cxd3 Rd8 16. Ke2 Bd7 17. Ne5 Bb5 18. Nc4 Rac8 19. Rac1 Rc5 20. Be3
Rcd5 21. Bxa7 Rxd3 22. Bb6 R8d5 23. Be3 f6 24. b3 Rd7 25. Rhd1 Rxd1 26. Rxd1
Rxd1 27. Kxd1 Bxc4 28. bxc4 Kf8 29. Kc2 Ke8 30. Kb3 Kd7 31. c5 Kc6 32. Kc4 e5
33. a4 f5 34. f3 g5 35. g4 f4 36. Bf2 h6 37. h3 Bf8 38. Bg1 Be7 39. Bf2 Bf8 40.
Bg1 Be7 41. Bf2 {Game drawn by repetition} 1/2-1/2

[Event "Team 45 45 League T75"]
[Site "Internet Chess Club"]
[Date "2017.12.16"]
[Round "1"]
[White "QuieroAprender"]
[Black "UrsaMajor"]
[Result "1-0"]
[WhiteElo "1547"]
[BlackElo "1482"]
[Opening "Giuoco Piano"]
[ECO "C50"]
[Time "20:04:20"]
[TimeControl "2700+45"]

1. e4 e5 2. Nf3 Nc6 3. Bc4 Bc5 4. O-O Nf6 5. Nc3 O-O 6. h3 Nxe4 7. Nxe4 d5 8.
Nxc5 dxc4 9. Na4 e4 10. Nh2 f5 11. Nc3 Rf6 12. Qe2 b5 13. Nxb5 Rg6 14. Qxc4+ Kh8
15. d3 Ba6 16. a4 Ne5 17. Qxc7 Qf6 18. Bf4 Nf3+ 19. Kh1 Rc8 20. Qxa7 Nh4 21. g3
Nf3 22. Nxf3 exf3 23. Nd6 Rxg3 24. Bxg3 Rf8 25. Qxa6 f4 26. Bh2 h6 27. Rg1 Qh4
28. Ne4 Qxh3 29. Qg6 {Black resigns} 1-0

[Event "Team 45 45 League T75"]
[Site "Internet Chess Club"]
[Date "2017.12.17"]
[Round "1"]
[White "PolishRyszard"]
[Black "fishhead"]
[Result "1-0"]
[WhiteElo "1814"]
[BlackElo "1674"]
[Opening "King's Indian: 5.Nf3"]
[ECO "E90"]
[Time "15:13:44"]
[TimeControl "2700+45"]

1. d4 Nf6 2. c4 d6 3. Nc3 g6 4. e4 Bg7 5. Nf3 c6 6. Bg5 h6 7. Bh4 g5 8. Bg3 Nh5
9. Be2 Qc7 10. Qd2 Nxg3 11. fxg3 Nd7 12. O-O e5 13. d5 c5 14. Ne1 Nf8 15. Bh5
Ng6 16. Nc2 O-O 17. Ne3 Ne7 18. g4 Bd7 19. Rf2 a6 20. Raf1 f6 21. a4 Rab8 22.
Qd3 b6 23. g3 Rb7 24. Nc2 Qb8 25. Na3 Nc8 26. Bg6 Ne7 27. Bf5 Nxf5 28. exf5 Qe8
29. b3 Kf7 30. Re1 Rh8 31. Qe2 Bf8 32. h3 Kg8 33. Ref1 Qf7 34. Rh2 h5 35. Ne4 h4
36. Rf3 Be8 37. Re3 Qg7 38. Nc3 hxg3 39. Rxg3 Rh4 40. Kg2 Qh8 41. Rh1 Rbh7 42.
Qb2 Qg7 43. b4 Qc7 44. Ne4 R4h6 45. bxc5 bxc5 46. Qb3 Rd7 47. Rb1 Be7 48. Qb6
Qc8 49. Rgb3 Kf7 50. Qb8 Rd8 51. Nc3 Rh8 52. Qa7 Rd7 53. Rb7 Kf8 54. Qxa6 Bd8
55. Ra7 Qxa6 56. Rxa6 Rdh7 57. Rh1 Rd7 58. Nab5 Ke7 59. Ne4 Bc7 60. Rb1 Bf7 61.
Na7 Rh6 62. Nc6+ Kf8 63. Rb7 Be8 64. Raa7 Bb6 65. Rxd7 Bxa7 66. Rxa7 Bxc6 67.
dxc6 {Black resigns} 1-0

[Event "Team 45 45 League T75"]
[Site "Internet Chess Club"]
[Date "2017.12.17"]
[Round "1"]
[White "room-matt"]
[Black "cadmiumorange"]
[Result "1/2-1/2"]
[WhiteElo "1777"]
[BlackElo "1761"]
[Opening "Scandinavian defense"]
[ECO "B01"]
[Time "14:03:09"]
[TimeControl "2700+45"]

1. e4 d5 2. exd5 Nf6 3. Bb5+ Nbd7 4. Nf3 Nxd5 5. d4 c6 6. Be2 Qc7 7. c4 Nf4 8.
O-O e6 9. Re1 Bb4 10. Nc3 Nxe2+ 11. Qxe2 O-O 12. Bd2 Nf6 13. Bg5 Bxc3 14. bxc3
b5 15. Ne5 Nd7 16. Bf4 Nxe5 17. Bxe5 Qa5 18. cxb5 cxb5 19. Qg4 f6 20. Bd6 Rf7
21. Qe4 Rb7 22. Qc6 Qd8 23. Rxe6 Bxe6 24. Qxb7 Rc8 25. Bb4 a5 26. Bc5 Rb8 27.
Qa6 Bc4 28. a4 Ra8 29. Qc6 Rc8 30. Qe4 bxa4 31. Rxa4 Rxc5 32. Rxc4 Rxc4 33. Qe6+
Kf8 34. Qxc4 Qb6 35. h3 Qb1+ 36. Kh2 Qb8+ 37. g3 Qb2 38. Kg2 a4 39. Qxa4 Qxc3
40. Qd7 Qd3 41. d5 Qe4+ 42. Kf1 Qh1+ 43. Ke2 Qe4+ {Game drawn by mutual
agreement} 1/2-1/2

[Event "Team 45 45 League T75"]
[Site "Internet Chess Club"]
[Date "2017.12.15"]
[Round "1"]
[White "ChessRooklift"]
[Black "zap2"]
[Result "1/2-1/2"]
[WhiteElo "1680"]
[BlackElo "1668"]
[Opening "Queen's Indian defense"]
[ECO "A47"]
[Time "15:37:40"]
[TimeControl "2700+45"]

1. d4 Nf6 2. Nf3 b6 3. g3 Bb7 4. Bg2 e6 5. O-O c5 6. c3 d6 7. Re1 Nbd7 8. Bg5
Be7 9. Nbd2 h6 10. Bxf6 Bxf6 11. e4 O-O 12. e5 dxe5 13. dxe5 Be7 14. Qe2 Qc7 15.
Rad1 Rfd8 16. Nc4 Nf8 17. b3 Ng6 18. Nb2 Bf8 19. c4 Ne7 20. Rd2 Rxd2 21. Nxd2
Bxg2 22. Kxg2 Rd8 23. f4 Nf5 24. Nf3 Qc6 25. Kf2 Nd4 26. Nxd4 Rxd4 27. Qf3 Qd7
28. Rd1 Be7 29. Rd3 g6 30. Qe3 f5 31. Rxd4 cxd4 32. Qf3 g5 33. Ke2 g4 34. Qg2 h5
35. h4 Kf7 36. Qa8 Bf8 37. Kd3 {Game drawn by mutual agreement} 1/2-1/2

[Event "Team 45 45 League T75"]
[Site "Internet Chess Club"]
[Date "2017.12.15"]
[Round "1"]
[White "Goli"]
[Black "cpic2363"]
[Result "1-0"]
[WhiteElo "1687"]
[BlackElo "1568"]
[Opening "Scandinavian (center counter) defense"]
[ECO "B01"]
[Time "13:00:46"]
[TimeControl "2700+45"]

1. e4 d5 2. exd5 Qxd5 3. Nc3 Qa5 4. d4 Nf6 5. Nf3 e6 6. Bd3 c6 7. O-O Nbd7 8.
Re1 Bd6 9. h3 O-O 10. Bd2 Qc7 11. Ne2 e5 12. dxe5 Nxe5 13. Nxe5 Bxe5 14. Nc3 Be6
15. Qe2 Bf4 16. Ne4 Nd5 17. Nc5 Rfe8 18. c4 Bxd2 19. Nxe6 Rxe6 20. Qxd2 Nf4 21.
Bf5 Rd8 22. Qc2 Red6 23. Qe4 Ng6 24. Bxg6 hxg6 25. b3 Rd2 26. Qe3 Qa5 27. Qe7
Rxa2 28. Rxa2 {Black resigns} 1-0

[Event "Team 45 45 League T75"]
[Site "Internet Chess Club"]
[Date "2017.12.17"]
[Round "1"]
[White "rubo"]
[Black "ILRE"]
[Result "0-1"]
[WhiteElo "1547"]
[BlackElo "1586"]
[Opening "Queen's Pawn"]
[ECO "A41"]
[Time "17:00:46"]
[TimeControl "2700+45"]

1. d4 d6 2. Nf3 Nf6 3. Bf4 Nh5 4. Bg3 g6 5. e3 Bg7 6. Be2 O-O 7. c3 e5 8. Nfd2
Nxg3 9. hxg3 Nd7 10. Bf3 Re8 11. dxe5 Nxe5 12. Be2 b6 13. Na3 Bb7 14. Nf3 Qe7
15. Qd2 Red8 16. O-O-O a6 17. Rh4 Nd7 18. Rdh1 Nf8 19. Nc2 c5 20. Nce1 b5 21.
Bd3 Bc6 22. a3 a5 23. Kb1 b4 24. cxb4 axb4 25. Qc1 bxa3 26. bxa3 Qb7+ 27. Kc2
Rdb8 28. Kd2 Qb3 29. Bc4 Qxa3 30. Qxa3 Rxa3 31. Nc2 Rb2 32. Rc1 d5 33. Bf1 Raa2
34. Ne1 Nd7 35. Nf3 Ba4 36. Ne1 Nf6 37. f3 Nd7 38. Be2 c4 39. f4 Nc5 40. Bf3
Nb3+ 41. Kd1 Nxc1 42. Kxc1 Bxc2 43. Nxc2 Rxc2+ 44. Kd1 Rcb2 45. Ke1 Ra1+ {White
resigns} 0-1

[Event "Team 45 45 League T75"]
[Site "Internet Chess Club"]
[Date "2017.12.16"]
[Round "1"]
[White "MartyJR"]
[Black "zethhon"]
[Result "1-0"]
[WhiteElo "1438"]
[BlackElo "1374"]
[Opening "QGD: 6.Nf3"]
[ECO "D55"]
[Time "19:00:32"]
[TimeControl "2700+45"]

1. d4 d5 2. c4 Nf6 3. Nc3 e6 4. Bg5 Be7 5. e3 O-O 6. Nf3 b6 7. cxd5 Nxd5 8. Bxe7
Nxe7 9. Bd3 Bb7 10. O-O Nd5 11. Nxd5 Bxd5 12. Qc2 Nd7 13. Bxh7+ Kh8 14. Be4 Nf6
15. Bxd5 Nxd5 16. Rac1 Rc8 17. e4 Nf6 18. Rfe1 Qd7 19. Qd2 Rfd8 20. Qg5 Kg8 21.
h4 Qa4 22. a3 Qb3 23. Qd2 c5 24. Rc3 Qa4 25. Qc1 c4 26. b3 Qc6 27. Rxc4 Qb7 28.
Qb1 Nxe4 29. Qxe4 Qxe4 30. Rxe4 Rxc4 31. bxc4 Rc8 32. d5 exd5 33. cxd5 Rd8 34.
Rd4 Rd6 35. Ne5 Rg6 36. Nxg6 fxg6 {Black resigns} 1-0

[Event "Team 45 45 League T75"]
[Site "Internet Chess Club"]
[Date "2017.12.17"]
[Round "1"]
[White "g8wrb"]
[Black "BrianWood"]
[Result "1/2-1/2"]
[WhiteElo "1290"]
[BlackElo "1595"]
[Opening "QGD: Cambridge Springs defense"]
[ECO "D52"]
[Time "10:02:35"]
[TimeControl "2700+45"]

1. d4 d5 2. c4 e6 3. Nc3 Nf6 4. Bg5 c6 5. e3 Nbd7 6. Nf3 Qa5 7. Bd3 Bb4 8. Qc2
O-O 9. O-O dxc4 10. Bxc4 Bxc3 11. bxc3 b6 12. Bd3 Ba6 13. c4 c5 14. Rfe1 Bb7 15.
Reb1 Bc6 16. a4 cxd4 17. Bxf6 Nxf6 18. Nxd4 Bd7 19. Nb5 a6 20. Nd6 Bc6 21. Ne4
Bxe4 22. Bxe4 Rad8 23. Bd3 g6 {Game drawn by mutual agreement} 1/2-1/2